 Dungeon Crawl Stone Soup version 0.27.1-33-g824d729ab1 (webtiles) character file.

Game seed: 15407206754066600392

14 zeram the Sneak (level 2, -5/19 HPs)
             Began as an Octopode Brigand on Nov 27, 2021.
             Slain by Natasha (9 damage)
             ... on level 1 of the Dungeon.
             The game lasted 00:00:51 (247 turns).

zeram the Sneak (Octopode Brigand)                   Turns: 247, Time: 00:00:52

Health: -5/19      AC:  1    Str: 10    XL:     2   Next: 45%
Magic:  2/2        EV: 12    Int: 13    God:
Gold:   0          SH:  0    Dex: 13    Spells: 1/1 levels left

rFire    . . .     SeeInvis .   a - +2 dagger
rCold    . . .     Faith    .   (no shield)
rNeg     . . .     Spirit   .   (helmet restricted)
rPois    .         Reflect  .   (no amulet)
rElec    .         Harm     .   (no ring)
rCorr    .         Rampage  .   (no ring)
Will     .....                  (no ring)
Stlth    ++++......             (no ring)
HPRegen  0.06/turn              (no ring)
MPRegen  0.08/turn              (no ring)
                                (no ring)
                                (no ring)

@: no status effects
A: almost no armour, amphibious, 8 rings, camouflage 1, gelatinous body 1,
(nimble swimmer 1), tentacles
a: no special abilities


You were on level 1 of the Dungeon.
You visited 1 branch of the dungeon, and saw 2 of its levels.

Inventory:

Hand Weapons
 a - a +2 dagger (weapon)
Missiles
 b - 6 poisoned darts (quivered)
 c - 2 curare-tipped darts


   Skills:
 - Level 2.0 Fighting
 - Level 2.0 Short Blades
 - Level 2.0 Throwing
 - Level 1.0 Dodging
 + Level 6.3 Stealth


You had one spell level left.
You didn't know any spells.
Your spell library was empty.

Dungeon Overview and Level Annotations

Branches:
Dungeon (2/15)

Altars:

Annotations:
D:1 Natasha


Innate Abilities, Weirdness & Mutations

You cannot wear most types of armour.
You are amphibious.
You can wear up to eight rings at the same time.
Your skin changes colour to match your surroundings (Stealth+).
Your rubbery body absorbs attacks. (AC +1, EV +1)
((You are camouflaged near water. (Stealth+)))
You have tentacles for arms and can constrict up to eight enemies at once.


Message History

Found an escape hatch in the ceiling. 2 ball pythons and a rat come into view.
Found a book of Minor Magic.
The helpless ball python fails to defend itself.
You impale the ball python!!
You kill the ball python!
The ball python hisses angrily.
Natasha barely misses you. The rat barely misses you.
The ball python misses you. The ball python barely misses you.
There is an escape hatch in the ceiling here.
Natasha claws you. The ball python closely misses you.
The ball python completely misses you. The rat completely misses you.
A mysterious force pulls you upwards. The hatch slams shut behind you.
Natasha stares at you and mumbles some strange words.
The magic dart hits you. Natasha casts a spell at you. The magic dart hits you.
* * * LOW HITPOINT WARNING * * *
The ball python closely misses you. The ball python misses you.
You aren't carrying any potions.
As you read the scroll labelled JIW WOAMMA, it crumbles to dust.
You assume a fearsome visage.
The ball python looks frightened!
The rat looks frightened!
Natasha looks frightened!
It was a scroll of fear.
You start resting.
Natasha is nearby!
Throw: 8 darts (poison)
Press: ? - help, Q - select action, (/) - cycle Shift-Dir - straight line, f - Natasha
Aim: Natasha (51% to hit)
You throw a poisoned dart.
The poisoned dart closely misses Natasha.
Throw: 7 darts (poison)
Press: ? - help, Q - select action, (/) - cycle Shift-Dir - straight line, f/p - Natasha
Aim: Natasha (51% to hit)
You throw a poisoned dart. The poisoned dart hits Natasha.
Natasha is poisoned.
Natasha completely misses you.
You completely miss Natasha. You grab Natasha. You squeeze Natasha!
Natasha is severely wounded.
You constrict Natasha. Natasha claws you!
You die...

###. #...........Sh....
#. #................. #.
###...##.......# ####
..# ###)##...r...# #...
#..#####..........# #.##
.........####.....# #...
.......(# ###...# ###.
.......h# ###...# #'
.......@# #.....######.
........# #............
........# ##.....####.##
........###......####.##
.................#..#.#.
.................##.#'#.
..........#......##.....
###########....#########
#....#


You could see Natasha (poisoned).

Vanquished Creatures
  A dart slug (D:1)
  2 ball pythons
  A hobgoblin (D:1)
  3 jackals (D:1)
  A kobold (D:1)
  A bat (D:1)
  A frilled lizard (D:1)
  A rat (D:1)
11 creatures vanquished.

Notes
Turn   | Place    | Note
-------+----------+-------------------------------------------
     0 | D:1      | zeram the Octopode Brigand began the quest for the Orb.
     0 | D:1      | Reached XP level 1. HP: 14/14 MP: 1/1
   187 | D:1      | Reached XP level 2. HP: 19/19 MP: 2/2
   191 | D:1      | Reached skill level 6 in Stealth
   205 | D:1      | You fall into a shaft and drop 1 floor!
   207 | D:2      | Noticed Natasha
   247 | D:1      | Slain by Natasha

Illustrated notes

Levels and vault maps discovered:
D:1:      dpeg_arrival_renting, layout_rooms
D:2:      layout_loops_ring, serial_shops, shop, basic_altar,
          hellmonk_ecumenical_altar_heavens_door, chequers_arboretum,
          uniq_natasha

Skill      XL: |  1  2 |
---------------+-------+-----
Stealth        | 6 |  6.3
Fighting       | |  2.0
Short Blades   | |  2.0
Throwing       | |  2.0
Dodging        | |  1.0

Action                   || total
-------------------------++-------
Melee: Dagger            ||    14
       Constrict         ||     3
       Tentacles         ||     2
Throw: Dart              ||     2
  Use: Scroll            ||     1
 Stab: Sleeping          ||     8
Armor: Skin              ||     2
Dodge: Dodged            ||    16
